 Dungeon Crawl Stone Soup version 0.30-a0-1157-g2cc9ac7196 (webtiles) character file.

Game seed: 11665558666773721887

159 iamoutofideas the Chopper (level 5, 0/44 HPs)
             Began as a Hill Orc Reaver on Apr 25, 2023.
             Slain by a phantom (4 damage)
             ... on level 2 of the Dungeon.
             The game lasted 00:02:35 (1646 turns).

iamoutofideas the Chopper (Hill Orc Reaver)         Turns: 1646, Time: 00:02:35

Health: 0/44       AC:  3    Str: 14 (17) XL:     5   Next: 40%
Magic:  7/7        EV: 11    Int: 11 (13) God:
Gold:   71         SH:  0    Dex:  6 (9)  Spells: 1/7 levels left

rFire   . . .        a - +0 hand axe
rCold   . . .        (no shield)
rNeg    . . .        b - +0 leather armour
rPois   .            (no helmet)
rElec   .            (no cloak)
rCorr   .            (no gloves)
SInv    .            (no boots)
Will    .....        (no amulet)
Stlth   +            (no ring)
HPRegen 0.27/turn    (no ring)
MPRegen 0.10/turn

%: no passive effects
@: no status effects
A: no striking features
a: no special abilities


You were on level 2 of the Dungeon.
You visited 1 branch of the dungeon, and saw 2 of its levels.

You collected 71 gold pieces.

Inventory:

Hand Weapons
 a - a +0 hand axe (weapon)
Armour
 b - a +0 leather armour (worn)
Potions
 d - a potion of magic


   Skills:
 + Level 2.8 Fighting
 + Level 7.3 Axes
 + Level 0.5 Armour
 + Level 1.6 Dodging
 + Level 1.6 Spellcasting
 + Level 3.1 Conjurations


You had one spell level left.
You knew the following spells:

 Your Spells              Type           Power      Damage    Failure   Level
a - Kiss of Death         Conj/Necr      16%        2d6       21%         1
b - Momentum Strike       Conj/Tloc      8%         3d8       30%         2
c - Hailstorm             Conj/Ice       4%         3d4       52%         3

Your spell library contained the following spells:

 Spells                   Type           Power      Damage    Failure   Level
 Apportation              Tloc           0%         N/A       36%         1
 Necrotise                Necr           0%         1d4       36%         1
 Summon Small Mammal      Summ           0%         N/A       36%         1
 Lesser Beckoning         Tloc           0%         N/A       52%         2
 Gell's Gravitas          Tloc           0%         N/A       75%         3
 Teleport Other           Tloc           0%         N/A       75%         3


Dungeon Overview and Level Annotations

Branches:
Dungeon (2/15)

Altars:


Message History

The phantom is severely damaged.
The phantom hits you.
The phantom blinks!
You blink.
You hit the phantom.
The phantom is severely damaged.
You miss the adder. The phantom hits you.
The adder bites you but does no damage.
You closely miss the phantom.
The phantom is severely damaged.
You miss the adder. The adder closely misses you.
The phantom completely misses you. The adder bites you.
* * * LOW HITPOINT WARNING * * *
You hit the phantom but do no damage. Your punch misses the phantom.
The phantom is severely damaged.
You hit the adder. The phantom completely misses you.
The adder bites you but does no damage.
You barely miss the phantom.
The phantom is severely damaged.
You barely miss the adder.
The phantom hits you but does no damage.
The adder misses you.
You hit the adder.
You kill the adder!
You closely miss the phantom. The phantom hits you.
* * * LOW HITPOINT WARNING * * *
You closely miss the phantom.
The phantom is severely damaged.
The phantom hits you.
* * * LOW HITPOINT WARNING * * *
You barely miss the phantom.
The phantom is severely damaged.
The phantom hits you.
* * * LOW HITPOINT WARNING * * *
The phantom blinks!
You blink.
You barely miss the phantom.
The phantom is severely damaged.
The phantom barely misses you. The phantom attacks as you move away!
The phantom hits you.
* * * LOW HITPOINT WARNING * * *
The phantom attacks as you move away! The phantom hits you.
You die...

#.# #.# #######.#######
##.#### #.#
#....†........# ##.....#
#.# #.##.#.<...##.##
.......# #.#
#.##............ .......#
#.# #.###.#.S..##.##
##.....# ###.####.#
#.#.#####... ##.....#
#.....##.###.#.# ####
...#.######.###..†....†..#
##..........# #.@W.....###
###.######.###.########
#............#
##############


You could see a phantom.

Vanquished Creatures
  A scorpion (D:1)
  4 adders (D:2)
  A worm (D:2)
  3 dart slugs (D:1)
  5 ball pythons (D:1)
  3 bats
  7 endoplasms
  2 giant cockroaches
  3 goblins
  5 hobgoblins
  3 jackals (D:1)
  A quokka (D:1)
  2 frilled lizards (D:1)
  7 kobolds
  5 rats
52 creatures vanquished.

Notes
Turn   | Place    | Note
-------+----------+-------------------------------------------
     0 | D:1      | iamoutofideas the Hill Orc Reaver began the quest for the
                  | Orb.
     0 | D:1      | Reached XP level 1. HP: 18/18 MP: 3/3
   129 | D:1      | Reached XP level 2. HP: 18/25 MP: 4/4
   461 | D:1      | Reached XP level 3. HP: 24/30 MP: 5/5
   464 | D:1      | Reached skill level 5 in Axes
   879 | D:2      | Noticed a scorpion
   888 | D:1      | Killed a scorpion
   889 | D:1      | Reached skill level 6 in Axes
   889 | D:1      | Reached XP level 4. HP: 19/37 MP: 4/6
   912 | D:1      | Learned a level 2 spell: Momentum Strike
   916 | D:1      | Learned a level 3 spell: Hailstorm
  1204 | D:2      | Reached skill level 7 in Axes
  1204 | D:2      | Reached XP level 5. HP: 32/42 MP: 7/7
  1574 | D:2      | Noticed a phantom
  1646 | D:2      | Slain by a phantom

Illustrated notes

Levels and vault maps discovered:
D:1:      kilobyte_arrival_exit_the_forest, layout_basic, minmay_box_of_dots
D:2:      layout_loops_ring

Skill      XL: |  1  2  3  4 |
---------------+-------------+-----
Axes           | 6 7 |  7.3
Fighting       | |  2.8
Armour         | |  0.5
Dodging        | |  1.6
Spellcasting   | |  1.6
Conjurations   | |  3.1

Action                     |  1- 3 |  4- 6 || total
---------------------------+-------+-------++-------
  Melee: Hand axe          |   108 |    87 ||   195
         Punch             |     2 |       ||     2
   Cast: Kiss of Death     |     1 |       ||     1
    Use: Potion            |       |     5 ||     5
 Armour: Leather armour    |    31 |    36 ||    67
  Dodge: Dodged            |    71 |    57 ||   128

Table legend: (Time is in decaauts)
 A = Elapsed time spent in this place.
 B = Non-inter-level travel time spent in this place.
 C = Inter-level travel time spent in this place.
 D = Time resting spent in this place.
 E = Time spent auto-exploring this place.
 F = Levels seen in this place.
 G = Mean time per level.
                   A        B        C        D        E       F      G
               +--------+--------+--------+--------+--------+-----+--------+
         Total |   1655 |   1607 |     48 |    167 |   1028 |   2 |  827.5 |
       Dungeon |   1655 |   1607 |     48 |    167 |   1028 |   2 |  827.5 |
               +--------+--------+--------+--------+--------+-----+--------+

Top non-repeatable levels by time:
     D:1: 963 daAuts
     D:2: 692 daAuts
